 Dungeon Crawl Stone Soup version 0.29.1-15-g9cfb28693d (webtiles) character file.

Game seed: 4901636401166752803

8298 protoss039 the Fighter (level 11, -2/89 HPs)
             Began as a Demonspawn Earth Elementalist on Mar 21, 2023.
             Was a Believer of Vehumet.
             Slain by a wolf (8 damage)
             ... led by Grum
             ... on level 10 of the Dungeon.
             The game lasted 00:15:16 (13517 turns).

protoss039 the Fighter (DsEE)                      Turns: 13517, Time: 00:15:16

Health: -2/89      AC: 12    Str:  9    XL:     11   Next: 8%
Magic:  11/23      EV: 13    Int: 21    God:    Vehumet [**....]
Gold:   294        SH:  0    Dex: 13    Spells: 19/27 levels left

rFire   . . .      SeeInvis +   x - +9 arbalest of Vochiymi {penet, rN+ Stlth+}
rCold   + . .      Faith    .   (shield currently unavailable)
rNeg    + . .      Spirit   .   C - +1 leather armour of Spring Thaw {rC+}
rPois   .          Reflect  .   B - +2 helmet
rElec   .          Harm     .   K - +2 cloak of the Thief {*Fog Slay-2 SInv Stlth+}
rCorr   .          Rampage  .   (gloves unavailable)
Will    .....                   J - +0 pair of boots
Stlth   ++++......              (no amulet)
HPRegen 0.24/turn               o - ring of wizardry
MPRegen 0.36/turn               (no ring)

@: no status effects
A: repulsion field 1, magic regeneration, demonic touch 3
a: Renounce Religion


You were on level 10 of the Dungeon.
You worshipped Vehumet.
Vehumet was pleased with you.
You visited 2 branches of the dungeon, and saw 12 of its levels.

You collected 630 gold pieces.
You spent 336 gold pieces at shops.

Inventory:

Hand Weapons
 q - a +2 vorpal hand axe
 s - a +0 spear of venom
 x - the +9 arbalest of Vochiymi (weapon) {penet, rN+ Stlth+}
   (You found it on level 6 of the Dungeon)

   Any ammunition fired by it passes through the targets it hits, potentially
   hitting all targets in its path until it reaches maximum range.
   rN:        It protects you from negative energy.
   Stlth:     It makes you more stealthy.
 z - a +2 short sword of electrocution
Missiles
 L - a throwing net
Armour
 B - a +2 helmet (worn)
 C - the +1 leather armour of Spring Thaw (worn) {rC+}
   (You found it on level 7 of the Dungeon)

   rC:        It protects you from cold.
 J - a +0 pair of boots (worn)
 K - the +2 cloak of the Thief (worn) {*Fog Slay-2 SInv Stlth+}
   (You bought it in a shop on level 10 of the Dungeon)

   It may release a thick cloud of smoke when the wearer is hurt.
   Slay:      It affects your accuracy & damage with ranged weapons and melee
   (-2).
   SInv:      It lets you see invisible.
   Stlth:     It makes you more stealthy.
Jewellery
 o - a ring of wizardry (left hand)
 I - a ring of fire
Wands
 d - a wand of iceblast (13)
 i - a wand of charming (5)
 n - a wand of mindburst (27)
 r - a wand of acid (3)
 G - a wand of polymorph (1)
Scrolls
 a - 2 scrolls of teleportation
 c - a scroll of poison {unknown}
 f - a scroll of torment {unknown}
 g - 2 scrolls of amnesia
 h - a scroll of identify
 m - a scroll of blinking {unknown}
 t - a scroll of acquirement {unknown}
 y - 3 scrolls of magic mapping
 A - a scroll of silence {unknown}
 D - a scroll of noise {unknown}
 E - 2 scrolls of immolation {unknown}
Potions
 b - 2 potions of magic
 e - 5 potions of flight
 j - 8 potions of curing
 k - 3 potions of mutation
 l - a potion of haste {unknown}
 p - a potion of degeneration {unknown}
 u - a potion of attraction {unknown}
 w - a potion of cancellation {unknown}
 F - a potion of heal wounds {unknown}
 H - a potion of might {unknown}


   Skills:
 + Level 9.2 Fighting
 - Level 6.0 Armour
 - Level 1.7 Dodging
 - Level 1.7 Stealth
 + Level 8.7 Spellcasting
 - Level 0.8 Transmutations
 + Level 9.0 Earth Magic


You had 19 spell levels left.
You knew the following spells:

 Your Spells              Type           Power      Damage    Failure   Level
a - Sandblast             Erth           92%        2d19      1%          1
b - Passwall              Tmut/Erth      24%        N/A       1%          2
c - Stone Arrow           Conj/Erth      56%        3d10      1%          3
d - Wereblood             Tmut           12%        N/A       4%          2

Your spell library contained the following spells:

 Spells                   Type           Power      Damage    Failure   Level
 Scorch                   Fire           18%        2d6       6%          2
 Apportation              Tloc           18%        N/A       4%          1
 Necrotise                Necr           36%        1d5       4%          1
 Summon Small Mammal      Summ           36%        N/A       4%          1
 Petrify                  Tmut/Erth      29%        N/A       5%          4
 Sublimation of Blood     Necr           9%         N/A       6%          2
 Animate Armour           Summ/Erth      56%        N/A       6%          4
 Dazzling Flash           Conj/Hex       18%        N/A       12%         3
 Agony                    Necr           9%         N/A       69%         5
 Silence                  Hex/Air        4%         N/A       69%         5
 Dispersal                Tloc           4%         N/A       99%         6
 Summon Hydra             Summ           4%         N/A       100%        7
 Disjunction              Tloc           4%         N/A       100%        8
 Lehudib's Crystal Spear  Conj/Erth      14%        10d5      100%        8


Dungeon Overview and Level Annotations

Branches:
Dungeon (11/15) Zot: 26984  Temple (1/1) D:4 Zot: 5829     Orc (0/2) D:10
   Lair: D:8-11

Altars:
Ashenzari
Cheibriados
Dithmenos
Fedhas
Gozag
Hepliaklqana
Kikubaaqudgha
Makhleb
Nemelex Xobeh
Okawaru
Qazlal
Ru
Sif Muna
Trog
Uskayaw
Vehumet
Wu Jian
Xom
Yredelemnul

Shops:
D:10 *

Annotations:
D:11 Grum


Innate Abilities, Weirdness & Mutations

You are surrounded by a mild repulsion field. (EV +2)
You regenerate magic rapidly.
Your touch may irresistibly damage your foes and sap their willpower.


Message History

You see here 2 scrolls of vulnerability.
The wolf barely misses you. The wolf completely misses you.
The wolf bites you but does no damage. The wolf misses you. The wolf bites you.
* * * LOW HITPOINT WARNING * * *
The wolf closely misses you. The wolf bites you but does no damage.
There is an open door here.
The wolf bites you.
* * * LOW HITPOINT WARNING * * *
Unknown command.
Casting: Sandblast (safe; 1% risk of failure)
Confirm with . or Enter, or press ? or * to list all spells.
Aiming: Sandblast (safe; 1% risk of failure)
Press: ? - help, Shift-Dir - straight line, f - wolf
Aim: a wolf (75% to hit)
The blast of sand hits the wolf!
The wolf is moderately wounded.
The wolf misses you. The wolf bites you.
* * * LOW HITPOINT WARNING * * *
Unknown command.
Casting: Sandblast (safe; 1% risk of failure)
Confirm with . or Enter, or press ? or * to list all spells.
Aiming: Stone Arrow (safe; 1% risk of failure)
Press: ? - help, Shift-Dir - straight line, f/p - wolf
Aim: a wolf (53% to hit)
The stone arrow hits the wolf!
The wolf is severely wounded.
The wolf barely misses you. x2; The wolf closely misses you.
The wolf bites you!
* * * LOW HITPOINT WARNING * * *
Casting: Stone Arrow (safe; 1% risk of failure)
Confirm with . or Enter, or press ? or * to list all spells.
Aiming: Stone Arrow (safe; 1% risk of failure)
Press: ? - help, Shift-Dir - straight line, f/p - wolf
Aim: a wolf (heavily wounded, 53% to hit)
The stone arrow hits the wolf!
You kill the wolf!
Vehumet accepts your kill.
You feel your power returning. The wolf bites you.
* * * LOW HITPOINT WARNING * * *
The wolf bites you!
You die...

.#..#...#..#...####...#..#....##'
.#..#...#.........#####..'....#..
.#..#...#..#####..#...#..#....#..
.#..#...#..#...#..#...#..#.......
.#..##'##..#...####...#..#.......
.#..#..........#......#..######..
.#..#..........#......#..#....#..
.#..#..........##'#...#..#....#..
.#..#..........#@.#...#..#....#..
.#..'...##'#..)hh.#...#..#....#..
.#..#####..#...####...#..#....#..
##..#...'..#..>...#...####....#..
.#..#...#..#......#...........#..
.#..#...'..#......#.....))....'..
.'..#####..#####..#....).######..
.#......#......#..#......#....#..
.#......####...#..#####))'....#..


You could see 2 wolves.

Vanquished Creatures
  Gastronok (D:9)
  Josephine (D:10)
  2 two-headed ogres
  An obsidian statue (D:9)
  5 wraiths (D:10)
  A wyvern (D:9)
  5 yaks (D:10)
  An acid dragon (D:10)
  2 water moccasins (D:7)
  2 orc warriors
  2 ice beasts (D:7)
  2 sky beasts (D:7)
  A black bear (D:7)
  A wolf (D:10)
  An ogre (D:7)
  4 centaurs
  4 kobold brigands
  6 bullfrogs
  A gnoll sergeant (D:9)
  7 wights
  3 killer bees (D:10)
  5 howler monkeys
  3 hounds
  A gnoll bouda (D:10)
  4 orc priests
  An iguana (D:6)
  4 orc wizards
  12 gnolls
  3 adders
  A shadow imp (D:6)
  An ufetubus (D:5)
  3 dart slugs
  39 orcs
  7 bats
  6 endoplasms
  4 giant cockroaches
  4 goblins
  5 hobgoblins
  9 jackals
  8 quokkas
  6 ball pythons
  6 frilled lizards
  34 kobolds
  7 rats
226 creatures vanquished.

Vanquished Creatures (others)
  13 fungi (D:5)
13 creatures vanquished.

Grand Total: 239 creatures vanquished

Notes
Turn   | Place    | Note
-------+----------+-------------------------------------------
     0 | D:1      | protoss039 the Demonspawn Earth Elementalist began the
                  | quest for the Orb.
     0 | D:1      | Reached XP level 1. HP: 13/13 MP: 3/3
   246 | D:1      | Gained mutation: You regenerate magic rapidly. [demonic
                  | ancestry]
   246 | D:1      | Reached XP level 2. HP: 20/20 MP: 3/5
   388 | D:1      | Reached skill level 1 in Fighting
   428 | D:1      | Found a faded altar of an unknown god.
  1046 | D:2      | Gained mutation: You are surrounded by a mild repulsion
                  | field. (EV +2) [demonic ancestry]
  1046 | D:2      | Reached XP level 3. HP: 26/26 MP: 4/6
  1081 | D:2      | Identified the +2 pair of gloves of Sorcery {-Cast Rampage
                  | Slay+2}
  1625 | D:2      | Learned a level 2 spell: Passwall
  1838 | D:3      | Found an ancient bone altar of Kikubaaqudgha.
  2005 | D:3      | Reached skill level 1 in Armour
  2177 | D:3      | Found a blossoming altar of Fedhas.
  2389 | D:3      | Gained mutation: Your touch may inflict minor irresistible
                  | damage on your foes. [demonic ancestry]
  2389 | D:3      | Reached XP level 4. HP: 10/33 MP: 3/8
  3070 | D:3      | Learned a level 3 spell: Stone Arrow
  3073 | D:3      | Learned a level 2 spell: Wereblood
  3106 | D:4      | Found a staircase to the Ecumenical Temple.
  3118 | D:4      | Noticed a scorpion
  3124 | Temple   | Entered the Ecumenical Temple
  3295 | D:4      | Noticed a black bear
  3304 | D:5      | Entered Level 5 of the Dungeon
  3441 | D:5      | Reached XP level 5. HP: 6/38 MP: 5/9
  4273 | D:5      | Found a radiant altar of Vehumet.
  4342 | D:5      | Became a worshipper of Vehumet
  4419 | D:5      | Reached XP level 6. HP: 36/46 MP: 10/10
  5278 | D:6      | Identified the +9 arbalest of Vochiymi {penet, rN+ Stlth+}
  5946 | D:6      | Gained mutation: Your touch may inflict irresistible damage
                  | on your foes. [demonic ancestry]
  5946 | D:6      | Reached XP level 7. HP: 49/52 MP: 9/12
  6620 | D:7      | Gained mutation: Your touch may irresistibly damage your
                  | foes and sap their willpower. [demonic ancestry]
  6620 | D:7      | Reached XP level 8. HP: 41/60 MP: 1/14
  6745 | D:7      | Reached skill level 5 in Armour
  7089 | D:7      | Reached * piety under Vehumet
  7089 | D:7      | Offered knowledge of Magic Dart by Vehumet.
  7090 | D:7      | Reached skill level 5 in Earth Magic
  7246 | D:7      | Identified the +1 leather armour of Spring Thaw {rC+}
  8187 | D:7      | Reached skill level 5 in Fighting
  8187 | D:7      | Reached skill level 5 in Spellcasting
  8499 | D:8      | Reached XP level 9. HP: 58/68 MP: 11/17
  9632 | D:9      | Offered knowledge of Poisonous Vapours by Vehumet.
  9728 | D:9      | Noticed a two-headed ogre
  9738 | D:9      | Killed a two-headed ogre
  9738 | D:9      | Reached ** piety under Vehumet
  9983 | D:9      | Noticed Gastronok
  9993 | D:9      | Killed Gastronok
  9994 | D:9      | Reached XP level 10. HP: 46/79 MP: 6/20
 10439 | D:9      | Noticed an obsidian statue
 11017 | D:9      | Noticed a sun demon
 11017 | D:9      | Killed an obsidian statue
 11460 | D:10     | Entered Level 10 of the Dungeon
 11507 | D:10     | Noticed a two-headed ogre
 11513 | D:10     | Killed a two-headed ogre
 11868 | D:10     | Found a staircase to the Orcish Mines.
 12300 | D:10     | Noticed Josephine
 12398 | D:10     | Killed Josephine
 12595 | D:10     | Found Jiotz's General Store.
 12603 | D:10     | Bought the +2 cloak of the Thief {*Fog Slay-2 SInv Stlth+}
                  | for 221 gold pieces
 12603 | D:10     | Found the +2 cloak of the Thief {*Fog Slay-2 SInv Stlth+}
 12603 | D:10     | Bought a potion of flight for 33 gold pieces
 12603 | D:10     | Bought a scroll of magic mapping for 82 gold pieces
 12613 | D:10     | Offered knowledge of Scorch by Vehumet.
 12844 | D:10     | Reached XP level 11. HP: 89/89 MP: 23/23
 13504 | D:11     | Noticed Grum
 13517 | D:10     | Slain by a wolf

Illustrated notes

Levels and vault maps discovered:
D:1:      lemuel_arrival_broad_hall, layout_basic,
          hellmonk_ecumenical_altar_inner_sanctum
D:2:      layout_basic
D:3:      wad_crossroads, layout_basic, mainiacjoe_overflow_cross_hatched,
          mainiacjoe_overflow_divided_tiny
D:4:      layout_rooms, minmay_temple_entry_large_hall
D:5:      minmay_evil_eye, layout_basic, mainiacjoe_overflow_swirl,
          serial_aquarium, aquarium_bridge_square [aquarium_subvault_bridge,
          aquarium_subvault_window, aquarium_subvault_bridge,
          aquarium_subvault_window], aquarium_bridge_square
          [aquarium_subvault_window, aquarium_subvault_window,
          aquarium_subvault_window, aquarium_subvault_bridge],
          aquarium_window_2, aquarium_window_1, aquarium_window_1,
          aquarium_view_2a
D:6:      layout_loops_ring
D:7:      layout_gridville, minmay_tree_intersection, skrybe_limestone_x,
          dreamdust_princess_bridge
D:8:      layout_basic
D:9:      layout_layer_cave, minivault_16, hangedman_decor_slide_cut,
          uniq_gastronok
D:10:     layout_grid_maze, hiddenorc1_lemuel, serial_shops, shop,
          uniq_josephine
D:11:     layout_rooms, erik_lair_dragon, gammafunk_ghost_smash,
          amcnicky_mini_pool_small, uniq_grum, uniq_erolcha
Temple:   minmay_temple_bridge_d

Skill      XL: |  1  2  3  4  5  6  7  8  9 10 11 |
---------------+----------------------------------+-----
Fighting       | 1 2 3 4 5 7 9 |  9.2
Earth Magic    | 3 4 5 7 8 9 |  9.0
Armour         | 1 2 3 4 6 |  6.0
Spellcasting   | 3 4 5 7 8 |  8.7
Dodging        | |  1.7
Stealth        | |  1.7
Transmutations | |  0.8

Action                   |  1- 3 |  4- 6 |  7- 9 | 10-12 || total
-------------------------+-------+-------+-------+-------++-------
Melee: Hand axe          |    18 |    24 |    12 |       ||    54
       Dagger            |     4 |       |       |       ||     4
       Touch             |       |    15 |     6 |       ||    21
       Spear             |       |    53 |       |       ||    53
       Short sword       |       |       |     9 |       ||     9
 Fire: Arbalest          |       |    20 |    65 |    76 ||   161
 Cast: Sandblast         |    74 |    28 |    60 |     8 ||   170
       Stone Arrow       |       |       |    38 |    65 ||   103
       Passwall          |       |       |       |     4 ||     4
Evoke: Wand              |       |     1 |     2 |     2 ||     5
  Use: Scroll            |     1 |     2 |     3 |     2 ||     8
 Stab: Sleeping          |       |     4 |       |       ||     4
Armor: Robe              |     9 |       |       |       ||     9
       Leather armour    |     8 |    29 |    36 |    53 ||   126
Dodge: Dodged            |    43 |    61 |   112 |    96 ||   312
